 Dungeon Crawl Stone Soup version 0.19-a0-1223-gf83d13a (webtiles) character file.

3474 Ijustatesigmund the Ducker (level 10, 69/69 HPs)
             Began as an Octopode Wizard on Aug 24, 2016.
             Quit the game on level 7 of the Dungeon.
             The game lasted 00:29:55 (9034 turns).

Ijustatesigmund the Ducker (Octopode Wizard)        Turns: 9034, Time: 00:29:55

Health: 69/69      AC:  3    Str:  7    XL:     10   Next: 6%
Magic:  19/19      EV: 16    Int: 23    God:
Gold:   314        SH:  0    Dex: 11    Spells: 6 memorised, 8 levels left

rFire  . . .     SeeInvis .     l - +2 dagger (venom)
rCold  . . .     Gourm    .     (no shield)
rNeg   . . .     Faith    .     a - +2 hat
rPois  .         Spirit   .     (no amulet)
rElec  .         Dismiss  .     d - ring of protection from magic
rCorr  .         Reflect  .     (no ring)
MR     +....     Harm     .     (no ring)
Stlth  ++++......               (no ring)
                                (no ring)
                                (no ring)
                                (no ring)
                                (no ring)

@: repel missiles
A: almost no armour, amphibious, 8 rings, constrict 8, camouflage 1, gelatinous
body 1
a: no special abilities


You were on level 7 of the Dungeon.
You were not hungry.

You visited 1 branch of the dungeon, and saw 7 of its levels.

You collected 314 gold pieces.

Inventory:

Hand Weapons
 g - a +1 dagger
 l - a +2 dagger of venom (weapon)
Armour
 a - a +2 hat (worn)
Jewellery
 d - a ring of protection from magic (left tentacle)
Wands
 n - a wand of iceblast (0/15)
 o - a wand of confusion (2/48)
 p - a wand of flame (25/48)
Scrolls
 h - a scroll of remove curse
 i - a scroll of magic mapping
 j - a scroll of enchant armour
Potions
 e - a potion of brilliance {unknown}
 f - a potion of cure mutation
 k - a potion of curing
 r - a potion of lignification
 s - a potion of flight
Books
 b - a book of Minor Magic

   Spells                             Type                      Level
   a - Magic Dart                     Conjuration                  1
   b - Blink                          Translocation                2
   c - Call Imp                       Summoning                    2
   d - Repel Missiles                 Charms/Air                   2
   e - Slow                           Hexes                        2
   f - Conjure Flame                  Conjuration/Fire             3
   g - Mephitic Cloud                 Conjuration/Poison/Air       3
Comestibles
 c - 2 bread rations
 m - a chunk of flesh
 q - a meat ration


   Skills:
 - Level 6.6 Fighting
 - Level 6.6 Short Blades
 - Level 7.4 Dodging
 - Level 5.4 Stealth
 - Level 6.1 Spellcasting
 + Level 3.8 Conjurations
 - Level 1.0 Summonings
 + Level 3.2 Translocations
 + Level 1.6 Fire Magic
 - Level 4.5 Air Magic
 - Level 5.4 Poison Magic


You had 8 spell levels left.
You knew the following spells:

 Your Spells              Type           Power        Failure   Level  Hunger
a - Magic Dart            Conj           ###.         1%          1    None
b - Blink                 Tloc           N/A          3%          2    None
c - Repel Missiles        Chrm/Air       ###...       6%          2    None
d - Conjure Flame         Conj/Fire      ###.....     10%         3    #......
e - Mephitic Cloud        Conj/Pois/Air  ####....     4%          3    #......
f - Call Imp              Summ           ##......     10%         2    None


Dungeon Overview and Level Annotations

Branches:
Dungeon (7/15)
 Temple: D:4-7

Altars:
Makhleb
Ru
Yredelemnul
The Shining One

Annotations:
D:6 dorian's ghost, novice HESk


Innate Abilities, Weirdness & Mutations

You cannot wear most types of armour.
You are amphibious.
You can wear up to eight rings at the same time.
You can use your tentacles to constrict eight enemies at once.
Your skin changes colour to match your surroundings (Stealth+).
Your rubbery body absorbs attacks. (AC +1, EV +1)


Message History

There is a stone staircase leading up here.
You open the door.
Found 15 stones.
There is an open door here.
There is a stone staircase leading up here.
You climb upwards.
Level annotation: dorian's ghost, novice HESk
There is a stone staircase leading down here.
You are feeling hungry.
There is a stone staircase leading down here.
You climb downwards.
There is a stone staircase leading up here.
Eat one of 2 chunks of flesh? (ye/n/q)
You start eating one of the 2 chunks of flesh.
You continue eating. x2
You finish eating.
This raw flesh tastes terrible.
Unknown command.
You enter a teleport trap!
The teleport trap disappears.
Your surroundings suddenly seem different.
Are you sure you want to abandon this character and quit the game? (Confirm with "yes".)

###
######
#<#
......
#.#
######
#.# .
##+
#..#
## #..
##.#
#.# .#
#.# ##
#@#
#.#
#.#
#..
###


There were no monsters in sight!

Vanquished Creatures
  Pikel (D:4)
  Prince Ribbit (D:5)
  Grinder (D:4)
  Menkaure (D:4)
  3 slaves (D:4)
  An ogre (D:5)
  A centaur (D:5)
  2 giant frogs (D:6)
  A scorpion (D:5)
  A howler monkey (D:4)
  2 jellies (D:5)
  2 orc priests (D:5)
  3 hounds (D:5)
  3 iguanas
  4 orc wizards
  5 worker ants
  A howler monkey zombie (D:5)
  A gnoll (D:1)
  9 adders
  A shadow imp (D:5)
  3 oozes (D:1)
  2 adder skeletons
  5 worms
  A dart slug (D:2)
  7 giant geckos
  9 orcs
  4 giant cockroaches
  4 goblins
  11 hobgoblins
  7 jackals
  9 kobolds
  6 quokkas
  4 bats
  A giant gecko zombie (D:5)
  5 giant newts
  25 rats
147 creatures vanquished.

Vanquished Creatures (others)
  A slave (D:4)
  A giant newt (D:4)
2 creatures vanquished.

Grand Total: 149 creatures vanquished

Notes
Turn   | Place    | Note
-------+----------+-------------------------------------------
     0 | D:1      | Ijustatesigmund the Octopode Wizard began the quest for the Orb.
     0 | D:1      | Reached XP level 1. HP: 11/11 MP: 4/4
    89 | D:1      | Reached XP level 2. HP: 16/17 MP: 6/6
    93 | D:1      | Learned a level 2 spell: Blink
    96 | D:1      | Learned a level 2 spell: Repel Missiles
   357 | D:1      | Reached XP level 3. HP: 9/21 MP: 0/7
  1054 | D:1      | Learned a level 3 spell: Conjure Flame
  1229 | D:2      | Found a faded altar of an unknown god.
  1381 | D:2      | Reached XP level 4. HP: 27/27 MP: 2/8
  1994 | D:2      | Reached skill level 1 in Fighting
  2130 | D:2      | Reached skill level 1 in Short Blades
  2346 | D:2      | Reached XP level 5. HP: 33/33 MP: 6/9
  3060 | D:3      | Found a basalt altar of Yredelemnul.
  3062 | D:3      | Noticed a profane servitor
  3082 | D:3      | Found a glowing golden altar of the Shining One.
  3284 | D:3      | Found a sacrificial altar of Ru.
  4116 | D:3      | Reached XP level 6. HP: 39/39 MP: 10/10
  4210 | D:3      | Noticed an angel
  4381 | D:4      | Noticed Grinder
  4417 | D:5      | Entered Level 5 of the Dungeon
  4783 | D:5      | Reached skill level 5 in Stealth
  5527 | D:5      | Reached XP level 7. HP: 19/46 MP: 6/11
  5682 | D:5      | Learned a level 3 spell: Mephitic Cloud
  5779 | D:4      | Killed Grinder
  6224 | D:4      | Noticed Pikel
  6761 | D:4      | Killed Pikel
  6761 | D:4      | Reached skill level 5 in Poison Magic
  6761 | D:4      | Reached XP level 8. HP: 52/52 MP: 5/12
  6859 | D:4      | Noticed Menkaure
  6897 | D:4      | HP: 2/52 [Menkaure (20)]
  6908 | D:4      | Killed Menkaure
  6908 | D:4      | Reached skill level 3 in Dodging
  7477 | D:5      | Reached skill level 4 in Dodging
  7713 | D:5      | Found a burning altar of Makhleb.
  7749 | D:5      | Reached skill level 7 in Dodging
  7749 | D:5      | Reached XP level 9. HP: 63/63 MP: 12/18
  8187 | D:5      | Reached skill level 1 in Fire Magic
  8631 | D:5      | Learned a level 2 spell: Call Imp
  8663 | D:6      | Reached XP level 10. HP: 47/69 MP: 19/19
  8683 | D:6      | Noticed dorian's ghost (novice HESk)
  8795 | D:6      | Noticed Prince Ribbit
  8806 | D:5      | Killed Prince Ribbit
  9034 | D:7      | Quit the game

Vault maps used:
D:1:      lightli_arrival_boilingwater, minmay_rat_gold_closets
D:2:      ecumenical_altar_1, serial_park_tiny_2
D:3:      grunt_temple_overflow_holy_war, first_bread, hangedman_ru_absence
D:4:      minivault_23, uniq_pikel, uniq_menkaure, uniq_grinder
D:5:      st_stairs_3, grunt_decor_cap, makhleb_heckhound_becter
D:6:      lightli_minifort, uniq_prince_ribbit1
D:7:      nicolae_ashenzari_panopticon, the_bakery

Skill      XL: |  1  2  3  4  5  6  7  8  9 |
---------------+----------------------------+-----
Conjurations   | 2 3 |  3.8
Translocations | 2 3 |  3.2
Stealth        | 3 4 5 |  5.4
Fighting       | 1 2 3 6 |  6.6
Short Blades   | 1 2 3 6 |  6.6
Air Magic      | 4 |  4.5
Poison Magic   | 5 |  5.4
Dodging        | 7 |  7.4
Spellcasting   | 6 |  6.1
Fire Magic     | 1 |  1.6
Summonings     | |  1.0

Action                   |  1- 3 |  4- 6 |  7- 9 | 10-12 || total
-------------------------+-------+-------+-------+-------++-------
Melee: Unarmed           |    10 |       |       |       ||    10
       Constrict         |     6 |    19 |    23 |     4 ||    52
       Tentacles         |     1 |    10 |    23 |     1 ||    35
       Dagger            |    27 |    83 |   108 |    19 ||   237
 Cast: Magic Dart        |    45 |   164 |    65 |     1 ||   275
       Repel Missiles    |     1 |       |     2 |       ||     3
       Blink             |       |       |    10 |       ||    10
       Mephitic Cloud    |       |       |     3 |       ||     3
       Conjure Flame     |       |       |     2 |       ||     2
Evoke: Wand              |       |       |    11 |       ||    11
  Use: Scroll            |     6 |     8 |     2 |     1 ||    17
       Potion            |     1 |       |     5 |       ||     6
 Stab: Sleeping          |    12 |     7 |     2 |       ||    21
       Confused          |       |       |     1 |       ||     1
  Eat: Chunk             |     1 |    13 |     5 |     1 ||    20
       Beef jerky        |       |       |     1 |       ||     1
       Bread ration      |       |       |     1 |       ||     1
Armor: Skin              |     1 |    10 |     5 |     2 ||    18
Dodge: Dodged            |    11 |    50 |    73 |     9 ||   143
       Deflected         |       |     1 |     1 |       ||     2
